 Dungeon Crawl Stone Soup version 0.19.0-24-gb05acd6 (webtiles) character file.

252 Firecrotchwizard the Twirler (level 5, -1/49 HPs)
             Began as a Minotaur Gladiator on Nov 22, 2016.
             Slain by a bullfrog (8 damage)
             ... in a sewer.
             The game lasted 00:05:36 (2608 turns).

Firecrotchwizard the Twirler (Minotaur Gladiator)   Turns: 2608, Time: 00:05:37

Health: -1/49      AC:  3    Str: 20    XL:     5   Next: 89%
Magic:  4/4        EV: 13    Int:  5    God:
Gold:   117        SH:  0    Dex: 11    Spells: 0 memorised, 4 levels left

rFire  . . .     SeeInvis .     a - +0 quarterstaff
rCold  . . .     Gourm    .     b - +0 leather armour
rNeg   . . .     Faith    .     (shield currently unavailable)
rPois  .         Spirit   .     c - +0 hat
rElec  .         Reflect  .     (no cloak)
rCorr  .         Harm     .     (no gloves)
MR     .....                    (no boots)
Stlth  +.........               (no amulet)
                                (no ring)
                                (no ring)

@: no status effects
A: retaliatory headbutt, horns 2
a: no special abilities


You were in a sewer.
You were not hungry.

You visited 1 branch of the dungeon, and saw 3 of its levels.
You also visited: Sewer.

You collected 117 gold pieces.

Inventory:

Hand Weapons
 a - a +0 quarterstaff (weapon)
Missiles
 d - 3 throwing nets (quivered)
Armour
 b - a +0 leather armour (worn)
 c - a +0 hat (worn)
Scrolls
 h - a scroll of blinking {unknown}
 i - 5 scrolls of identify {unknown}
 k - 2 scrolls of immolation {unknown}
 m - a scroll of noise {unknown}
Potions
 e - a potion of magic {unknown}
 j - a potion of berserk rage {unknown}
 n - a potion of curing {unknown}
Comestibles
 f - 4 bread rations
 g - a slice of pizza
 l - a meat ration
 o - a chunk of flesh


   Skills:
 + Level 5.6 Fighting
 + Level 5.8 Staves
 - Level 2.0 Throwing
 - Level 3.7 Dodging


You had 4 spell levels left.
You didn't know any spells.

Dungeon Overview and Level Annotations

Branches:
Dungeon (3/15)

Altars:
Zin


Innate Abilities, Weirdness & Mutations

You reflexively headbutt those who attack you in melee.
You have a pair of horns on your head.


Message History

The leopard gecko splashes around in the water.
Okay, then.
You sock the bullfrog!
You kill the bullfrog!
The bullfrog barely misses you. You furiously retaliate!
You headbutt the bullfrog! The ooze closely misses you.
You furiously retaliate!
You headbutt the ooze.
The leopard gecko bites you but does no damage.
The leopard gecko closely misses you. The bullfrog barely misses you.
The ooze hits you but does no damage.
You closely miss the bullfrog.
The bullfrog is moderately wounded.
The leopard gecko bites you.
* * * LOW HITPOINT WARNING * * *
The bullfrog hits you.
* * * LOW HITPOINT WARNING * * *
The leopard gecko barely misses you. The leopard gecko closely misses you.
The leopard gecko splashes around in the water.
The bullfrog hits you!
You die...

####≈≈.≈≈≈≈≈≈≈.####≈≈∩#
##.≈#≈≈≈.≈#####≈.≈≈#####
####.≈≈#######≈∩≈#≈≈≈≈≈.≈##
##≈≈≈≈≈≈≈#..≈≈≈.≈≈####≈≈≈≈≈#
##≈≈.≈#.≈##†..≈≈≈≈≈≈≈.###..≈.
#≈≈≈≈##.≈#≈≈#######≈≈≈≈≈##.≈≈
##.≈.##.≈##≈.#≈≈≈≈≈###..≈≈##≈≈
#≈≈≈.#.≈≈#≈≈.≈J≈≈≈.≈≈##≈.≈≈#≈≈
##≈≈†##≈.≈#≈≈l@lJ≈≈.≈≈
##≈≈.##.
#..≈.#≈≈.≈#≈≈≈lF..≈≈≈≈ #≈÷≈≈#≈
#∩.≈≈#≈≈.≈#.≈...).≈.≈≈ #≈≈≈≈#≈
#..≈≈#≈≈≈≈#≈.≈.$:$.≈≈≈ #.≈≈.#≈
##≈≈.##≈≈.##≈≈≈..≈≈≈≈≈
##≈≈≈##≈
#≈≈≈≈#≈≈≈≈##≈≈.≈≈≈≈≈≈##≈≈.≈#≈≈
##≈.÷##.≈≈≈###≈≈≈≈≈###.†≈.##.≈
#≈.÷÷##≈≈.≈≈#######≈≈≈.≈##≈≈≈
##≈≈.≈###≈≈≈≈≈.†...≈≈.###≈≈≈≈


You could see a bullfrog, 2 oozes and 3 leopard geckos.

Vanquished Creatures
  A bullfrog (Sewer)
  7 adders
  8 oozes
  10 leopard geckos
  An orc (D:3)
  9 ball pythons
  6 bats
  11 giant cockroaches
  3 goblins
  5 hobgoblins
  5 kobolds
  2 quokkas (D:2)
  14 frilled lizards
  7 rats
89 creatures vanquished.

Notes
Turn   | Place    | Note
-------+----------+-------------------------------------------
     0 | D:1      | Firecrotchwizard the Minotaur Gladiator began the quest for the Orb.
     0 | D:1      | Reached XP level 1. HP: 18/18 MP: 0/0
    21 | D:1      | Reached XP level 2. HP: 12/25 MP: 1/1
   660 | D:2      | Reached XP level 3. HP: 30/31 MP: 2/2
  1116 | D:3      | Reached XP level 4. HP: 28/40 MP: 3/3
  1265 | D:3      | Found a glowing silver altar of Zin.
  1299 | D:3      | Found a glowing drain.
  1440 | Sewer    | Entered a sewer
  1649 | Sewer    | Reached skill level 5 in Staves
  2104 | Sewer    | Reached XP level 5. HP: 28/47 MP: 4/4
  2407 | Sewer    | Reached skill level 5 in Fighting
  2608 | Sewer    | Slain by a bullfrog

Skill      XL: |  1  2  3  4  5 |
---------------+----------------+-----
Fighting       | 3 4 5 |  5.6
Staves         | 4 5 |  5.8
Throwing       | |  2.0
Dodging        | |  3.7

Action                   |  1- 3 |  4- 6 || total
-------------------------+-------+-------++-------
Melee: Quarterstaff      |    71 |   116 ||   187
       Headbutt          |     8 |    15 ||    23
 Stab: Sleeping          |       |     1 ||     1
  Eat: Chunk             |       |     6 ||     6
Armor: Leather armour    |    21 |    33 ||    54
Dodge: Dodged            |    53 |    95 ||   148
